Map: Galactic Process LE

Players

Gracz

  • Race: Terran Terran
  • League: Silver

Sulla - Winner!

  • Race: Zerg Zerg
  • League: Silver

VOD

Have the link to the VOD?

Description

Time

  • Played on: Oct. 8, 2016, 2:50 p.m.
  • Length: 12:23
Show
View Real Time Build Order
Export as new Build Order

Gracz Terran 

Build Orders:  

Get SALT Encoding   

  12  0:01  SCV  
  13  0:16  Supply Depot  
  13  0:17  SCV  
  14  0:35  Refinery, SCV  
  15  0:41  Barracks  
  15  0:50  SCV  
  16  1:02  SCV  
  17  1:20  Barracks  
  17  1:30  Supply Depot  
  17  1:34  Barracks  
  17  1:35  SCV  
  18  1:47  Factory  
  18  1:51  SCV  
  19  2:07  Barracks Tech Lab  
  19  2:15  SCV  
  20  2:19  Barracks Tech Lab  
  20  2:27  Refinery  
  20  2:35  Barracks Reactor  
  20  2:45  Marine  
  20  2:46  Marine  
  22  2:54  Factory Tech Lab  
  22  3:23  Siege Tank  
  25  3:27  Orbital Command  
  25  3:49  Marauder x2  
  25  3:54  Command Center  
  29  4:06  Stimpack  
  29  4:07  Refinery  
  29  4:09  Marine x2  
  31  4:16  Marauder x2  
  35  4:37  Marauder  
  37  4:45  Starport  
  37  4:46  SCV  
  37  4:49  Starport  
  38  4:58  SCV  
  24  5:54  Marauder  
  24  5:55  Marauder  
  26  5:59  SCV  
  26  6:01  SCV  
  28  6:06  Marine x2  
  30  6:12  SCV  
  30  6:16  Starport Reactor, Marauder x2  
  30  6:17  Starport Reactor  
  35  6:34  Marine x2  
  35  6:37  Marauder  
  35  6:38  Marauder  
  41  6:44  Hellion  
  43  6:47  SCV x2  
  43  6:52  Marine x2  
  47  6:59  Marauder x2  
  51  7:05  Hellion  
  53  7:10  Marine  
  53  7:15  Marine, Orbital Command  
  55  7:28  Marine  
  56  7:33  Marine  
  57  7:38  Marauder x2  
  61  7:45  Marine  
  62  7:53  Supply Depot  
  62  8:14  Marauder  
  62  8:15  Medivac, Marauder  
  63  8:35  Medivac x2, Marauder  
  63  8:41  Supply Depot  
  69  8:53  Command Center  
  69  9:02  Medivac, Siege Tank  
  78  9:03  Marauder x2  
  78  9:23  Supply Depot  
  78  9:27  Supply Depot  
  78  9:45  SCV x2, Marauder  
  82  9:57  SCV x2  
  86  10:07  Marauder  
  55  11:53  Marine, Marauder x2  
  55  11:54  Marine  
  48  11:59  SCV  
Show
View Real Time Build Order
Export as new Build Order

Sulla Zerg - Winner!

Build Orders: Hatch First 

Get SALT Encoding   

  12  0:01  Drone  
  13  0:13  Overlord  
  13  0:17  Drone  
  14  0:31  Drone  
  14  0:32  Drone  
  14  0:35  Drone  
  17  0:48  Drone  
  18  1:00  Hatchery  
  17  1:05  Drone  
  17  1:09  Extractor  
  17  1:11  Drone  
  18  1:23  Spawning Pool, Drone  
  18  1:31  Drone  
  19  1:40  Overlord  
  19  1:51  Drone  
  20  2:05  Drone  
  21  2:11  Queen x2  
  21  2:14  Metabolic Boost  
  25  2:16  Zergling x4  
  27  2:24  Zergling x4  
  29  2:34  Overlord  
  29  2:36  Drone  
  30  2:45  Drone x2  
  32  2:56  Drone x2  
  34  3:05  Evolution Chamber  
  33  3:08  Drone x2  
  33  3:10  Baneling Nest  
  33  3:30  Drone  
  33  3:31  Drone x7  
  41  3:40  Overlord x2  
  41  3:54  Zerg Melee Weapons Level 1  
  41  3:56  Overlord x2  
  41  3:58  Queen  
  43  4:11  Drone  
  43  4:12  Drone  
  45  4:23  Roach Warren, Hatchery  
  43  4:26  Overlord x2  
  43  4:28  Zergling x2  
  43  4:31  Drone  
  45  4:41  Drone x4  
  45  4:42  Drone  
  50  4:54  Evolution Chamber  
  50  4:58  Drone x2  
  50  4:59  Drone  
  52  5:07  Queen  
  52  5:12  Lair  
  54  5:15  Zergling x4  
  54  5:16  Zergling x10  
  56  5:23  Zergling x2  
  53  5:32  Zergling x6, Drone  
  53  5:33  Zergling x2  
  58  5:40  Zergling x6  
  58  5:44  Zergling x2  
  58  5:50  Zergling x6  
  61  5:58  Queen x2  
  61  6:02  Baneling x2  
  61  6:03  Baneling x2  
  65  6:18  Drone  
  65  6:19  Drone x2  
  68  6:26  Extractor  
  68  6:27  Extractor  
  68  6:29  Spine Crawler  
  68  6:30  Drone x7  
  68  6:31  Drone x3  
  75  6:46  Zerg Ground Armor Level 1  
  75  6:48  Zerg Missile Weapons Level 1  
  75  6:49  Roach x3  
  75  6:51  Extractor  
  75  6:53  Overlord x5  
  80  6:57  Pneumatized Carapace  
  80  7:35  Drone x6  
  80  7:36  Overlord x2, Drone x2  
  88  7:53  Roach x6  
  88  7:54  Roach  
  102  8:16  Extractor  
  100  8:26  Spine Crawler, Extractor  
  92  8:27  Spore Crawler  
  92  8:29  Roach x2  
  92  8:30  Roach x2, Spine Crawler, Zergling x12  
  92  8:31  Zergling x10  
  92  8:32  Spine Crawler  
  108  8:47  Zergling x2  
  109  8:54  Roach x6  
  121  9:02  Hydralisk Den  
  121  9:04  Glial Reconstitution, Spire  
  121  9:06  Zerg Missile Weapons Level 2  
  121  9:08  Zerg Ground Armor Level 2  
  119  9:10  Roach x2  
  119  9:11  Roach  
  125  9:27  Spine Crawler  
  125  9:28  Spore Crawler  
  123  9:35  Spore Crawler  
  122  9:40  Spore Crawler  
  122  9:43  Spore Crawler  
  120  9:51  Muscular Augments, Infestation Pit  
  119  9:54  Hydralisk x5  
  119  9:56  Overlord x3  
  119  9:57  Overlord x4  
  129  10:12  Hatchery  
  128  10:18  Spore Crawler  
  127  10:28  Hydralisk x2  
  127  10:29  Hydralisk x5  
  136  10:56  Overseer  
  135  10:57  Overseer  
  125  11:42  Swarm Host  
Tags
 
Add a new tag
Caveats
  • Supply blocks, unpowered buildings, or Contaminate may cause inaccurate times.
  • Supply counts are checked every 10 seconds.